 Dungeon Crawl Stone Soup version bcrawl-1.40.3b (webtiles) character file.

Game seed: 10490376498591442095

10743560 Galewind the Maledictor (level 21, -14/125 HPs)
             Began as an Avariel Conjurer on Dec 10, 2023.
             Was the Champion of Vehumet.
             Demolished by a vault warden
             ... wielding a +4 war axe of chopping
              (36 damage)
             ... on level 3 of the Vaults.
             The game lasted 00:57:26 (37487 turns).

Galewind the Maledictor (Avariel Conjurer)         Turns: 37487, Time: 00:57:27

Health: -14/125    AC: 11    Str:  9    XL:     21   Next: 52%
Magic:  42/43      EV: 35    Int: 34    God:    Vehumet [******]
Gold:   3539       SH:  4    Dex: 22    Spells: 5/52 levels left

rFire    . . .     GDR:     32% J - staff of conjuration
rCold    . . .     SeeInvis +   (no shield)
rNeg     . . .     Gourm    .   p - +3 leather armour of the Swan {Regen+ Slay+5}
rPois    .         Faith    .   T - +0 mask of the Dragon {MR+ Slay+3 SInv}
rElec    .         Spirit   .   i - +0 cloak {MR+}
rCorr    .         Reflect  +   r - +2 pair of gloves {Dex+3}
MR       ++++.                  w - +0 pair of boots
Stlth    ++........             v - amulet "Hatuasiul" {Reflect rF- Str+3 Int+2 Dex+6 SH+4}
HPRegen  0.70/turn              d - ring of protection from fire
MPRegen  0.28/turn              R - +3 ring of evasion

@: flying quickly and evasively, deflect missiles, quick
A: able to fly
}: 2/15 runes: decaying, gossamer
a: Stop Flying, Renounce Religion


You were on level 3 of the Vaults.
You worshipped Vehumet.
Vehumet was exalted by your worship.
You were hungry.

You visited 8 branches of the dungeon, and saw 31 of its levels.
You also visited: Ossuary.

You collected 5658 gold pieces.
You spent 2119 gold pieces at shops.

Inventory:

Armour
 i - a +0 cloak of magic resistance (worn)
 p - the +3 leather armour of the Swan (worn) {Regen+ Slay+5}
   (You found it on level 2 of the Vaults)

   It affects your accuracy and damage with ranged weapons and melee attacks
   (+5).
   It increases your rate of regeneration.
 r - a +2 pair of gloves of dexterity (worn)
 w - a +0 pair of boots (worn)
 T - the +0 mask of the Dragon (worn) {MR+ Slay+3 SInv}
   (You found it on level 4 of the Lair of Beasts)

   It affects your accuracy and damage with ranged weapons and melee attacks
   (+3).
   It affects your resistance to hostile enchantments.
   It lets you see invisible.
Magical Staves
 J - an uncursed staff of conjuration (weapon)
Jewellery
 d - a ring of protection from fire (left hand)
 v - the amulet "Hatuasiul" (around neck) {Reflect rF- Str+3 Int+2 Dex+6 SH+4}
   (You found it on level 4 of the Dungeon)

   [amulet of reflection]

   It shields you and reflects attacks.
   It affects your strength (+3).
   It affects your intelligence (+2).
   It affects your dexterity (+6).
   It makes you vulnerable to fire.
   It affects your SH (+4).
 K - an uncursed ring of insulation
 R - a +3 ring of evasion (right hand)
 U - an uncursed ring of resist corrosion
 Z - a +5 ring of protection
Wands
 C - a wand of digging (32)
 N - a wand of acid (6)
 X - a wand of iceblast (22)
Scrolls
 f - 8 scrolls of remove curse
 g - 9 scrolls of fear
 h - 6 scrolls of enchant weapon
 k - 10 scrolls of teleportation
 l - 3 scrolls of summoning
 m - 5 scrolls of amnesia
 o - 3 scrolls of revelation
 q - 4 scrolls of noise
 A - 4 scrolls of blinking
 B - a scroll of immolation
 D - 2 scrolls of brand weapon
 I - 5 scrolls of fog
 M - 5 scrolls of enchant armour
 Q - a scroll of silence
 V - a scroll of torment
Potions
 a - 3 potions of curing
 b - 7 potions of agility
 c - 3 potions of magic
 j - 2 potions of resistance
 n - 4 potions of haste
 t - 2 potions of cancellation
 u - 4 potions of lignification
 x - 7 potions of flight
 z - 7 potions of might
 E - 3 potions of ambrosia
 F - 4 potions of heal wounds
 G - 3 potions of brilliance
 H - 5 potions of mutation
 L - 3 potions of invisibility
Comestibles
 e - 50 rations {!d}


   Skills:
 + Level 11.6 Fighting
 - Level 6.1 Staves
 - Level 15.0 Dodging
 - Level 2.1 Stealth
 - Level 16.3 Spellcasting
 - Level 16.4 Conjurations
 - Level 21.0 Hexes
 - Level 9.0 Charms
 - Level 17.0 Fire Magic
 - Level 6.0 Ice Magic
 - Level 10.0 Air Magic


You had 5 spell levels left.
You knew the following spells:

 Your Spells              Type           Power        Failure   Level  Hunger
a - Magic Dart            Conj           ####         0%          1    None
b - Bolt of Fire          Conj/Fire      ########..   1%          6    None
c - Iskenderun's Mystic   Conj           ########     0%          3    None
d - Deflect Missiles      Chrm/Air       #######...   6%          6    ##.....
e - Orb of Destruction    Conj           ########..   1%          7    None
f - Ignition              Hex/Fire       ########..   1%          8    #####..
g - Icicle Burst          Conj/Ice       ########..   4%          7    None
h - Fire Storm            Fire           #######...   43%         9    #######

Your spell library contained the following spells:

 Spells                   Type           Power        Failure   Level  Hunger
 Glaciate                 Conj/Ice/Air   ########..   36%         8    None
 Lehudib's Crystal Spear  Conj/Erth      #######...   71%         8    None
 Tornado                  Tloc/Air       ######....   98%         8    #####..
 Corona                   Hex            #######      0%          1    None
 Slow                     Hex            ########     0%          1    None
 Ensorcelled Hibernation  Hex/Ice        ######       0%          2    None
 Flaming Arrows           Chrm/Fire      #######.     0%          2    None
 Searing Ray              Conj           ########     0%          2    None
 Throw Frost              Conj/Ice       ######       0%          2    None
 Confuse                  Hex            ########     0%          3    None
 Dazzling Orbs            Conj/Hex       #######      0%          3    None
 Tukima's Dance           Hex            ########     0%          3    None
 Cause Fear               Hex            ########..   0%          4    None
 Fulminant Prism          Conj/Hex       ########..   0%          4    None
 Apportation              Tloc           ####..       1%          1    None
 Beastly Appendage        Tmut           ####..       1%          1    None
 Freeze                   Ice            ######       1%          1    None
 Infusion                 Chrm           ######..     1%          1    None
 Sandblast                Erth           ####..       1%          1    None
 Static Discharge         Air            ######       1%          1    None
 Summon Butterflies       Summ           ####....     1%          1    None
 Ozocubu's Armour         Chrm/Ice       ######..     1%          3    None
 Regeneration             Chrm/Necr      ######....   1%          3    None
 Stone Arrow              Conj/Erth      ######       1%          3    None
 Lightning Bolt           Conj/Air       ########     1%          4    None
 Throw Icicle             Conj/Ice       ########     1%          4    None
 Tree Form                Hex/Tmut       N/A          1%          4    None
 Bolt of Magma            Conj/Fire/Erth ########..   1%          5    None
 Irradiate                Conj/Tmut      #######...   1%          5    None
 Metabolic Englaciation   Hex/Ice        #######...   1%          5    None
 Corpse Rot               Necr           N/A          3%          2    None
 Passwall                 Tmut/Erth      ####....     3%          2    None
 Sticks to Snakes         Tmut           ####....     3%          2    None
 Sublimation of Blood     Necr           ####......   3%          2    None
 Beckoning                Tloc           ####......   6%          3    None
 Spider Form              Tmut/Pois      ###          6%          3    None
 Ice Form                 Ice/Tmut       #####...     6%          4    None
 Summon Ice Beast         Ice/Summ       #####...     6%          4    None
 Summon Lightning Spire   Summ/Air       ######..     7%          5    None
 Animate Dead             Necr           N/A          21%         4    None
 Blade Hands              Tmut           ####......   50%         5    None
 Dispel Undead            Necr           ####....     50%         5    None
 Summon Forest            Summ/Tloc      ####......   50%         5    None
 Conjure Ball Lightning   Conj/Air       ########..   1%          6    None
 Invisibility             Hex            ########     1%          6    ##.....
 Discord                  Hex            ########..   1%          7    ####...
 Mana Rupture             Conj/Hex       ########..   1%          7    None
 Poison Arrow             Conj/Pois      #######...   3%          6    None
 Chain Lightning          Conj/Air       ########..   16%         8    None
 Infestation              Hex/Tmut/Pois  ######...    17%         6    ##.....
 Spellforged Servitor     Conj/Summ      #######...   50%         7    None
 Statue Form              Tmut/Erth      ####.....    97%         6    ##.....
 Summon Hydra             Summ           ####......   97%         6    ##.....
 Dragon Form              Tmut           ####...      100%        7    ####...
 Necromutation            Tmut/Necr      ####....     100%        8    #####..
 Dragon's Call            Summ           ####......   100%        9    #######


Dungeon Overview and Level Annotations

Branches:
Dungeon (11/12)            Temple (1/1) D:7            Lair (6/6) D:7
  Swamp (3/3) Lair:4       Spider (3/3) Lair:2        Slime (0/5) Orc
    Orc (1/1) D:10            Elf (3/3) Lair:5       Vaults (3/3) D:11
  Crypt (0/2) Vaults:1

Altars:
Ashenzari
Cheibriados
Dithmenos
Elyvilon
Fedhas
Gozag
Hepliaklqana
Kikubaaqudgha
Lugonu
Makhleb
Nemelex Xobeh
Okawaru
Qazlal
Ru
Sif Muna
Trog
Uskayaw
Vehumet
Wu Jian
Xom
Yredelemnul
Zin
The Shining One
Jiyva

Shops:
D:4 =*   D:5 (   D:7 [   D:9 *   Orc ?([::   Vaults:1 =

Annotations:
D:10 1 runed door
Lair:6 3 runed translucent doors, Rhok's ghost, journeyman DrHu
Spider:2 2 transporters, Artagas's ghost, adept NaBe
Elf:2 3 runed doors
Vaults:1 3 runed translucent doors, tronn's ghost, adept OpAc


Innate Abilities, Weirdness & Mutations

You can fly continuously.


Message History

The fireball engulfs the war gargoyle but does no damage.
The war gargoyle is heavily damaged.
The fireball engulfs the ironheart preserver!!
The ironheart preserver is severely wounded.
The fireball engulfs the ironheart preserver!
The ironheart preserver is almost dead.
The fireball engulfs the war gargoyle.
The war gargoyle resists.
The war gargoyle is severely damaged.
The fireball engulfs the vault warden!!
The vault warden is heavily wounded.
The fireball engulfs the war gargoyle.
The war gargoyle resists.
The war gargoyle is severely damaged.
The fireball engulfs the war gargoyle.
The war gargoyle resists.
The war gargoyle is severely damaged.
You hear a deafening roar!
You hear a shout! x3
The war gargoyle hits you with a +0 great mace!!!
Ouch! That really hurt!
* * * LOW HITPOINT WARNING * * *
The vault warden hits you with a +4 war axe of chopping!!!
You die...

##[#.#....# #
..[.#((..#.##
.#.#[.(.#..#
..[([[.....
#####..[[[[†)##
.....%...[.[...
.....[.9<<).[..
....[.9@p.<.[.[
......)[p<[.[..
#####†C:....[##
....[[[[....
..Z[#....#.[.
..[...#....# D.
....).#....# [
......#....#


You could see a shadow dragon, an ironheart preserver, a fire giant, a vault
warden, 2 war gargoyles and an ettin zombie.

Vanquished Creatures
  Mara (Vaults:2)
  Bai Suzhen (Vaults:1)
  Saint Roka (Orc)
  the Lernaean hydra (Swamp:3)
  Nikola (Swamp:3)
  Frances (D:10)
  A lich (Vaults:3)
  Jorgrun (D:11)
  2 deep elf blademasters (Elf:3)
  A storm dragon (Vaults:3)
  A sphinx (Vaults:2)
  A thorn hunter (Swamp:1)
  A greenwood witch (shapeshifter) (Vaults:2)
  A tengu reaver (Vaults:2)
  2 frost giants
  7 vault wardens
  A fire giant (Vaults:2)
  8 deep elf sorcerers (Elf:3)
  4 ghost moths
  3 emperor scorpions
  Aizul (Swamp:3)
  2 stone giants
  2 orc warlords
  5 deep elf elementalists (Elf:3)
  4 very ugly things (Vaults:1)
  7 ironheart preservers
  Nessos (Orc)
  A vampire knight (Vaults:1)
  A red draconian (Spider:2)
  3 dire elephants
  5 entropy weavers
  9 deep elf annihilators (Elf:3)
  6 deep elf demonologists
  A spark wasp (Spider:3)
  5 deep elf death magi
  3 mutant beasts (D:11)
  Snorg (D:10)
  A crystal guardian (Vaults:2)
  2 deep elf high priests (Elf:3)
  6 yaktaur captains
  2 fire dragons
  2 rakshasas
  14 hydras
  3 ice dragons
  31 vault guards
  2 catoblepae (Lair:6)
  5 ogre magi
  Psyche (D:8)
  Erica (D:11)
  8 alligators
  A death knight (Vaults:1)
  18 dancing weapons
  14 two-headed ogres
  3 great orbs of eyes (Vaults:2)
  A tengu warrior (Elf:2)
  A vampire mage (Vaults:1)
  An ironheart beastmaster (Vaults:1)
  7 death yaks
  A deep troll earth mage (Vaults:2)
  2 orc high priests (Orc)
  7 deep elf knights
  5 deep trolls
  Nergalle (D:11)
  14 centaur warriors
  A hell knight (Vaults:2)
  A death drake (shapeshifter) (Vaults:3)
  A fire crab (Lair:5)
  A spriggan druid (Swamp:3)
  A skeletal warrior (Vaults:1)
  11 swamp dragons
  An unseen horror (shapeshifter) (Vaults:1)
  2 death drakes
  An orange crystal statue (Spider:2)
  4 cyclopes
  12 ironheart convokers
  7 necromancers
  2 phantasmal warriors (Vaults:3)
  12 deep elf archers
  4 lindwurms (Lair:6)
  6 wizards
  2 orc sorcerers (Orc)
  5 orc knights
  33 deep elf magi
  36 wolf spiders
  12 ugly things
  12 orb spiders
  2 frost giant zombies
  4 oklob plants (Lair:4)
  A moth of wrath (Spider:2)
  12 elephants
  6 will-o'-wisps (Swamp:1)
  2 manticores (Lair:6)
  9 vault sentinels
  4 black mambas
  13 cane toads
  2 torpor snails (Spider:3)
  11 jumping spiders
  2 freezing wraiths
  2 tengu conjurers (Elf:1)
  4 komodo dragons
  14 yaktaurs
  7 rime drakes
  11 demonic crawlers
  A yaktaur skeleton (Vaults:3)
  A queen bee (D:9)
  7 trolls
  12 polar bears
  A tengu simulacrum (Vaults:3)
  A troll (shapeshifter) (Vaults:1)
  4 tyrant leeches
  Maurice (Orc)
  An ettin zombie (Vaults:1)
  3 hornets
  9 bog bodies
  4 blink frogs
  A harpy skeleton (D:9)
  18 slime creatures
  Grum (D:10)
  2 dream sheep (Lair:6)
  12 hippogriffs
  3 raiju (Lair:6)
  A human simulacrum (Vaults:3)
  3 large abominations (Elf:1)
  6 air elementals
  A meliai zombie (D:10)
  A wraith (D:11)
  A spriggan (Swamp:2)
  33 tarantellas
  A tarantella (shapeshifter) (Vaults:1)
  Eustachio (D:4)
  24 yaks
  4 wyverns
  3 basilisks
  5 water elementals
  3 fire elementals
  2 hungry ghosts
  Menkaure (D:6)
  33 redbacks
  11 vampire mosquitoes
  10 crocodiles
  19 swamp worms
  11 wargs
  A deep troll zombie (Vaults:1)
  An acid dragon (D:11)
  7 water moccasins
  14 hell hounds (Lair:6)
  Duvessa (D:7)
  32 orc warriors
  9 porcupines
  A hornet zombie (D:11)
  8 swamp drakes
  8 ice beasts
  3 sky beasts
  13 black bears
  A necrophage (D:11)
  A phantom (D:11)
  19 ogres
  25 wolves
  7 bullfrogs
  4 elf zombies
  2 gnoll sergeants
  5 earth elementals
  A wyvern zombie (D:8)
  Dowan (D:7)
  12 centaurs
  A hornet simulacrum (D:8)
  A wyvern skeleton (D:9)
  4 scorpions
  A water moccasin skeleton (D:8)
  2 troll zombies (Swamp:2)
  28 killer bees
  A troll skeleton (Swamp:2)
  15 orc priests
  3 electric eels
  3 crimson imps
  2 quasits (D:10)
  A bullfrog zombie (D:5)
  3 hounds
  2 human zombies (Ossuary)
  5 jellies
  5 iguanas
  32 orc wizards
  12 worker ants
  A bullfrog simulacrum (D:8)
  A hound zombie (D:5)
  3 hound skeletons
  3 mummies (Ossuary)
  A howler monkey zombie (D:9)
  2 worker ant zombies (D:9)
  A centaur zombie (Ossuary)
  12 gnolls
  A howler monkey skeleton (D:9)
  7 adders
  A hound simulacrum (D:8)
  A shadow imp (D:9)
  4 white imps (D:8)
  A worker ant simulacrum (D:8)
  2 ufetubi (D:8)
  3 oozes (Orc)
  4 adder zombies
  An adder skeleton (D:4)
  3 worms
  An adder simulacrum (D:8)
  6 leopard geckos
  98 orcs
  2 ball pythons (D:1)
  A giant cockroach (D:1)
  3 gnoll zombies (Ossuary)
  6 goblins
  3 hobgoblins
  7 jackals
  8 kobolds
  2 quokkas (D:7)
  A ball python skeleton (D:4)
  4 bats
  10 frilled lizards
  2 goblin zombies (Ossuary)
  7 hobgoblin zombies (Ossuary)
  5 jackal zombies (Ossuary)
  A kobold zombie (Ossuary)
  An orc zombie (Ossuary)
  6 quokka zombies
  A rat (D:1)
  4 rat zombies (Ossuary)
  3 fungi (Lair:6)
  4 plants
1315 creatures vanquished.

Vanquished Creatures (others)
  A hydra (Lair:4)
  2 centaur warriors (Vaults:1)
  A deep elf archer (Elf:2)
  6 rime drakes (Lair:4)
  A jumping spider (Spider:3)
  4 hippogriffs (Lair:4)
  A wyvern (Lair:4)
  2 basilisks (Lair:4)
  2 centaurs
  12 fungi
  16 plants
48 creatures vanquished.

Grand Total: 1363 creatures vanquished

Notes
Turn   | Place    | Note
-------+----------+-------------------------------------------
     0 | D:1      | Galewind the Avariel Conjurer began the quest for the Orb.
     0 | D:1      | Reached XP level 1. HP: 10/10 MP: 6/6
    68 | D:1      | Reached XP level 2. HP: 15/15 MP: 3/7
   354 | D:1      | Learned a level 2 spell: Searing Ray
   572 | D:1      | Reached XP level 3. HP: 19/19 MP: 3/9
   576 | D:1      | Learned a level 3 spell: Iskenderun's Mystic Blast
  1331 | D:2      | Noticed a scorpion
  1338 | D:2      | Killed a scorpion
  1339 | D:2      | Reached XP level 4. HP: 24/24 MP: 3/11
  1889 | D:3      | Reached XP level 5. HP: 22/28 MP: 4/13
  2551 | D:4      | Found Doceg's General Store.
  2554 | D:4      | Bought a scroll of identify for 20 gold pieces
  2554 | D:4      | Bought a +2 pair of gloves of dexterity for 215 gold pieces
  2678 | D:4      | Noticed a sky beast
  2702 | D:4      | Killed a sky beast
  2703 | D:4      | Reached XP level 6. HP: 20/32 MP: 3/15
  2893 | D:4      | Found Qamaja Goiv's Jewellery Shoppe.
  2893 | D:4      | Noticed Eustachio
  3022 | D:4      | Killed Eustachio
  3023 | D:4      | Reached skill level 5 in Spellcasting
  3023 | D:4      | Reached XP level 7. HP: 37/37 MP: 9/17
  3174 | D:4      | Got a scorched tin amulet
  3208 | D:4      | Identified the amulet "Hatuasiul" {Reflect rF- Str+3 Int+2
                  | Dex+6 SH+4} (You found it on level 4 of the Dungeon)
  3706 | D:5      | Entered Level 5 of the Dungeon
  3890 | D:5      | Reached XP level 8. HP: 36/42 MP: 2/20
  4034 | D:5      | Reached skill level 10 in Conjurations
  4068 | D:5      | Reached skill level 1 in Fighting
  4285 | D:5      | Found Neuhise's Weapon Shop.
  4605 | D:5      | Found a shattered altar of Ashenzari.
  4883 | D:6      | Noticed a hippogriff
  4887 | D:6      | Killed a hippogriff
  4989 | D:6      | Gained mutation: You can fly continuously. [Avariel growth]
  4989 | D:6      | Reached XP level 9. HP: 39/47 MP: 14/24
  5106 | D:6      | Reached skill level 10 in Spellcasting
  5206 | D:6      | Found a snail-covered altar of Cheibriados.
  5206 | D:6      | Found a corrupted altar of Lugonu.
  5214 | D:6      | Found a faded altar of an unknown god.
  5220 | D:6      | Found a sacrificial altar of Ru.
  5245 | D:6      | Found a faded altar of an unknown god.
  5623 | D:6      | Noticed Menkaure
  5626 | D:6      | Killed Menkaure
  5869 | D:7      | Found a staircase to the Lair.
  6041 | D:7      | Noticed a troll
  6044 | D:7      | Killed a troll
  6045 | D:7      | Reached XP level 10. HP: 51/52 MP: 17/28
  6126 | D:7      | Found a sand-covered staircase.
  6187 | D:7      | Noticed Duvessa
  6189 | D:7      | Noticed Dowan
  6193 | D:7      | Killed Duvessa
  6194 | D:7      | Killed Dowan
  6231 | Ossuary  | Entered an ossuary
  6879 | D:7      | Noticed a purple ugly thing
  6883 | D:7      | Killed a purple ugly thing
  7103 | D:7      | Found Pinopn's Antique Armour Shop.
  7115 | D:7      | Bought a runed helmet for 150 gold pieces
  7221 | D:7      | Found a staircase to the Ecumenical Temple.
  7296 | Temple   | Entered the Ecumenical Temple
  8203 | D:8      | Found a burning altar of Makhleb.
  8206 | D:8      | Found a radiant altar of Vehumet.
  8215 | D:8      | Became a worshipper of Vehumet
  8240 | D:8      | Noticed Psyche
  8249 | D:8      | Killed Psyche
  8376 | D:8      | Reached XP level 11. HP: 56/56 MP: 18/30
  8523 | D:8      | Reached * piety under Vehumet
  8523 | D:8      | Offered knowledge of Sting by Vehumet.
  8741 | D:8      | Found a hazy altar of Hepliaklqana.
  9422 | D:9      | Offered knowledge of Throw Frost by Vehumet.
  9425 | D:9      | Reached ** piety under Vehumet
  9598 | D:9      | Found Donlewey's Assorted Antiques.
  9611 | D:9      | Bought a scroll of identify for 52 gold pieces
  9611 | D:9      | Bought a scroll of identify for 52 gold pieces
  9810 | D:9      | Noticed an ogre mage
  9814 | D:9      | Killed an ogre mage
  9815 | D:9      | Reached skill level 15 in Spellcasting
 10037 | D:9      | Reached skill level 15 in Conjurations
 10197 | D:9      | Noticed a two-headed ogre
 10201 | D:9      | Killed a two-headed ogre
 10272 | D:9      | Noticed a cyclops
 10281 | D:9      | Found an opulent altar of Gozag.
 10284 | D:9      | Killed a cyclops
 10599 | D:10     | Entered Level 10 of the Dungeon
 10682 | D:10     | Offered knowledge of Shock by Vehumet.
 10683 | D:10     | Reached XP level 12. HP: 61/61 MP: 28/33
 10735 | D:10     | Found a runed door.
 10739 | D:10     | Found a basalt altar of Yredelemnul.
 10947 | D:10     | Reached *** piety under Vehumet
 10956 | D:10     | Noticed Grum
 10961 | D:10     | Killed Grum
 11109 | D:10     | Noticed a two-headed ogre
 11123 | D:10     | Killed a two-headed ogre
 11326 | Lair:1   | Entered Level 1 of the Lair of Beasts
 11750 | Lair:1   | Offered knowledge of Throw Icicle by Vehumet.
 12202 | Lair:2   | Reached skill level 5 in Dodging
 12421 | Lair:2   | Found a hole to the Spider Nest.
 14070 | Lair:4   | Reached skill level 5 in Fighting
 14072 | Lair:4   | Noticed a four-headed hydra
 14078 | Lair:4   | Reached XP level 13. HP: 51/74 MP: 32/35
 14292 | Lair:4   | Found a staircase to the Swamp.
 14293 | Lair:4   | Reached **** piety under Vehumet
 14507 | Lair:4   | Found the +0 mask of the Dragon {MR+ Slay+3 SInv}
 14991 | Lair:4   | Offered knowledge of Lightning Bolt by Vehumet.
 15283 | Lair:5   | Found a staircase to the Elven Halls.
 15577 | Lair:5   | Reached skill level 10 in Dodging
 16184 | Lair:5   | Learned a level 6 spell: Deflect Missiles
 16376 | Lair:6   | Entered Level 6 of the Lair of Beasts
 16622 | Lair:6   | Reached skill level 1 in Staves
 16622 | Lair:6   | Reached skill level 1 in Charms
 16622 | Lair:6   | Reached skill level 1 in Air Magic
 16622 | Lair:6   | Reached XP level 14. HP: 84/84 MP: 21/36
 16827 | Lair:6   | Reached ***** piety under Vehumet
 16827 | Lair:6   | Offered knowledge of Orb of Destruction by Vehumet.
 17000 | Lair:6   | Noticed a dire elephant
 17008 | Lair:6   | Killed a dire elephant
 17107 | Lair:6   | Reached skill level 5 in Air Magic
 17157 | Lair:6   | Reached skill level 5 in Charms
 17303 | Lair:6   | Noticed Rhok's ghost (journeyman DrHu)
 17458 | Lair:6   | Found a runed translucent gate.
 17460 | Lair:6   | Found a runed translucent gate.
 17461 | Lair:6   | Found a runed translucent gate.
 17604 | Lair:6   | Reached skill level 5 in Staves
 18238 | Lair:6   | Learned a level 7 spell: Orb of Destruction
 18887 | D:10     | Found a staircase to the Orcish Mines.
 18898 | D:10     | Offered knowledge of Airstrike by Vehumet.
 19224 | D:10     | Noticed Snorg
 19230 | D:10     | Killed Snorg
 19231 | D:10     | Reached XP level 15. HP: 88/88 MP: 19/37
 19518 | D:11     | Found a gate to the Vaults.
 19531 | D:11     | Noticed Erica
 19535 | D:11     | Killed Erica
 19621 | Orc      | Entered the Orcish Mines
 19677 | Orc      | Noticed Nessos
 19684 | Orc      | Killed Nessos
 19685 | Orc      | Reached skill level 10 in Air Magic
 19725 | Orc      | Found Gungo's Book Shoppe.
 19744 | Orc      | Noticed Maurice
 19757 | Orc      | Killed Maurice
 20006 | Orc      | Found a viscous altar of Jiyva.
 20007 | Orc      | Found a staircase to the Slime Pits.
 20009 | Orc      | Found a viscous altar of Jiyva.
 20086 | Orc      | Found a roughly hewn altar of Beogh.
 20338 | Orc      | Noticed Saint Roka
 20478 | Orc      | Killed Saint Roka
 20541 | Orc      | Offered knowledge of Bolt of Cold by Vehumet.
 20609 | Orc      | Found Agotez's Antique Weapon Shop.
 20616 | Orc      | Found a roughly hewn altar of Beogh.
 20623 | Orc      | Found Baela's Antique Armour Boutique.
 20763 | Orc      | Found a roughly hewn altar of Beogh.
 20804 | Orc      | Found Toteimpa's Book Emporium.
 20819 | Orc      | Bought a book of the Dragon for 1080 gold pieces
 20826 | Orc      | Learned a level 6 spell: Bolt of Fire
 20874 | Orc      | Noticed an orc warlord
 20883 | Orc      | Killed an orc warlord
 21001 | Orc      | Reached skill level 1 in Fire Magic
 21025 | Orc      | Found a roughly hewn altar of Beogh.
 21161 | Orc      | Found a roughly hewn altar of Beogh.
 21165 | Orc      | Reached skill level 10 in Fighting
 21254 | Orc      | Found a roughly hewn altar of Beogh.
 21326 | Orc      | Found a roughly hewn altar of Beogh.
 21360 | Orc      | Found Qexijow's Magic Scroll Shoppe.
 21464 | Orc      | Bought a book of Misfortune for 550 gold pieces
 21473 | Orc      | Learned a level 8 spell: Ignition
 21754 | Swamp:1  | Entered Level 1 of the Swamp
 21892 | Swamp:1  | Reached skill level 5 in Fire Magic
 22130 | Swamp:1  | Noticed a thorn hunter
 22133 | Swamp:1  | Killed a thorn hunter
 22312 | Swamp:1  | Got a pair of slimy boots
 22910 | Swamp:2  | Offered knowledge of Icicle Burst by Vehumet.
 22912 | Swamp:2  | Reached XP level 16. HP: 97/97 MP: 29/38
 23040 | Swamp:2  | Learned a level 7 spell: Icicle Burst
 23158 | Swamp:2  | Reached ****** piety under Vehumet
 23616 | Swamp:3  | Entered Level 3 of the Swamp
 23618 | Swamp:3  | Noticed Aizul
 23623 | Swamp:3  | Killed Aizul
 23780 | Swamp:2  | Identified the cursed +0 pair of boots "Yrroak" {-Cast
                  | Int+4 Dex+4} (You found it on level 1 of the Swamp)
 23860 | Swamp:3  | Reached skill level 10 in Fire Magic
 24226 | Swamp:3  | Noticed Nikola
 24246 | Swamp:3  | Killed Nikola
 24361 | Swamp:3  | Noticed the 27-headed Lernaean hydra
 24369 | Swamp:3  | Killed the 27-headed Lernaean hydra
 24698 | Swamp:3  | Got a decaying rune of Zot
 25305 | Spider:1 | Entered Level 1 of the Spider Nest
 25341 | Spider:1 | Identified the ring of Suij {+Fly rC+ rN+ Dex-2}
 25393 | Spider:1 | Offered knowledge of Conjure Ball Lightning by Vehumet.
 26196 | Spider:2 | Noticed Artagas's ghost (adept NaBe)
 26430 | Spider:2 | Identified the +1 robe of Wuxan {rPois SInv}
 26447 | Spider:2 | Found a transporter.
 26451 | Spider:2 | Found a transporter.
 26485 | Spider:2 | Reached XP level 17. HP: 62/102 MP: 13/39
 26933 | Spider:2 | Reached skill level 15 in Fire Magic
 26935 | Spider:2 | Reached skill level 1 in Ice Magic
 26948 | Spider:2 | Offered knowledge of Iron Shot by Vehumet.
 27215 | Spider:3 | Entered Level 3 of the Spider Nest
 27247 | Spider:3 | Reached skill level 1 in Hexes
 27252 | Spider:3 | Reached skill level 2 in Hexes
 27346 | Spider:3 | Reached skill level 3 in Hexes
 27362 | Spider:3 | Reached skill level 4 in Hexes
 27366 | Spider:3 | Reached skill level 5 in Hexes
 27428 | Spider:3 | Reached skill level 6 in Hexes
 27507 | Spider:3 | Reached skill level 7 in Hexes
 27633 | Spider:3 | Reached skill level 8 in Hexes
 28006 | Spider:3 | Reached skill level 9 in Hexes
 28098 | Spider:3 | Identified a scroll of acquirement
 28447 | Spider:3 | Reached skill level 10 in Hexes
 28664 | Spider:3 | Reached skill level 11 in Hexes
 28775 | Spider:3 | Got a gossamer rune of Zot
 28780 | Spider:3 | Identified the ring "Ujonlamp" {MP+9 Dex+4} (You acquired
                  | it on level 3 of the Spider Nest)
 28780 | Spider:3 | Identified the Handbook of Cold and Combat Magic (You
                  | acquired it on level 3 of the Spider Nest)
 28946 | Elf:1    | Entered Level 1 of the Elven Halls
 28960 | Elf:1    | Offered knowledge of Poison Arrow by Vehumet.
 29094 | Elf:1    | Reached skill level 12 in Hexes
 29207 | Elf:1    | Reached XP level 18. HP: 90/107 MP: 31/40
 29600 | Elf:1    | Reached skill level 13 in Hexes
 29611 | Elf:1    | Identified the Tome of Sinister Rites
 29936 | Elf:1    | Learned a level 9 spell: Fire Storm
 30086 | Elf:2    | Reached skill level 14 in Hexes
 30121 | Elf:2    | Identified the +4 ring mail of the Scribe {-Cast rC+++ rN+
                  | rCorr}
 30619 | Elf:2    | Found a runed gate.
 30620 | Elf:2    | Found a runed gate.
 30620 | Elf:2    | Found a runed gate.
 30634 | Elf:3    | Entered Level 3 of the Elven Halls
 31067 | Elf:3    | Reached skill level 15 in Hexes
 31314 | Elf:3    | Identified the +6 trident "Giant's Undoing" {flame, Fragile
                  | +Inv rN++ Str+3}
 31315 | Elf:3    | Noticed a deep elf blademaster
 31317 | Elf:3    | Offered knowledge of Lehudib's Crystal Spear by Vehumet.
 31317 | Elf:3    | Offered knowledge of Glaciate by Vehumet.
 31317 | Elf:3    | Offered knowledge of Tornado by Vehumet.
 31318 | Elf:3    | Reached skill level 16 in Hexes
 31320 | Elf:3    | Killed a deep elf blademaster
 31415 | Elf:3    | Noticed a deep elf blademaster
 31423 | Elf:3    | Killed a deep elf blademaster
 31503 | Elf:3    | Reached skill level 17 in Hexes
 31506 | Elf:3    | Identified the ring of Meikeezafi {*Slow rPois rC+ Stlth+}
 31515 | Elf:3    | Noticed a Hell Sentinel
 31519 | Elf:3    | Reached XP level 19. HP: 112/112 MP: 41/41
 31523 | Elf:3    | Reached skill level 18 in Hexes
 31704 | Elf:3    | Found the +8 longbow "Zephyr" {speed, Dex+3 SInv}
 31714 | Elf:3    | Identified the +1 chain mail "Anuoliugg" {rElec rPois
                  | Int-2}
 31736 | Elf:3    | Identified the Volume of Talismans and Necromancy
 31749 | Elf:3    | Identified the +5 scale mail "Earthly Heaven" {+Inv}
 31754 | Elf:3    | Identified the Reference Book on Ashen Companions
 31759 | Elf:3    | Identified the +6 shortbow of Beogh's Condemnation {speed,
                  | rPois}
 31766 | Elf:3    | Identified the Volume of Lucky Shape Shifting
 32615 | D:11     | Noticed Jorgrun
 32619 | D:11     | Killed Jorgrun
 32689 | D:11     | Found a runed translucent door.
 32887 | D:11     | Noticed Nergalle
 32890 | D:11     | Noticed Frances
 32892 | D:11     | Killed Nergalle
 32985 | D:10     | Killed Frances
 32986 | D:10     | Reached skill level 19 in Hexes
 33253 | Vaults:1 | Entered Level 1 of the Vaults
 33399 | Vaults:1 | Noticed Bai Suzhen
 33404 | Vaults:1 | Killed Bai Suzhen
 33534 | Vaults:1 | Found Feirgh's Jewellery Shop.
 33675 | Vaults:1 | Reached skill level 20 in Hexes
 33900 | Vaults:1 | Found a staircase to the Crypt.
 33996 | Vaults:1 | Found a runed translucent gate.
 33996 | Vaults:1 | Found a runed translucent gate.
 33996 | Vaults:1 | Found an ancient bone altar of Kikubaaqudgha.
 33996 | Vaults:1 | Found a runed translucent gate.
 33996 | Vaults:1 | Noticed a lich
 33996 | Vaults:1 | Noticed a lich
 33996 | Vaults:1 | Noticed an ancient lich
 33996 | Vaults:1 | Noticed an ancient lich
 33996 | Vaults:1 | Noticed tronn's ghost (adept OpAc)
 34299 | Vaults:1 | Identified the cursed amulet of the Middle {Inacc MR+}
 34412 | Vaults:1 | Reached XP level 20. HP: 117/117 MP: 35/42
 34413 | Vaults:1 | Reached skill level 21 in Hexes
 34482 | Vaults:1 | Reached skill level 5 in Ice Magic
 36221 | Vaults:2 | Noticed Mara
 36226 | Vaults:2 | Killed Mara
 36481 | Vaults:2 | Identified the +3 leather armour of the Swan {Regen+
                  | Slay+5}
 37301 | Vaults:2 | Reached XP level 21. HP: 122/123 MP: 16/43
 37397 | Vaults:3 | Entered Level 3 of the Vaults
 37453 | Vaults:3 | Reached skill level 15 in Dodging
 37487 | Vaults:3 | Demolished by a vault warden

Skill      XL: |  1  2  3  4  5  6  7  8  9 10 11 12 13 14 15 16 17 18 19 20 21 |
---------------+----------------------------------------------------------------+-----
Conjurations   | 6 7 8 9 11 12 13 15 16 | 16.4
Spellcasting   | 3 4 5 7 9 12 13 15 16 | 16.3
Fighting       | 1 6 8 10 11 | 11.6
Dodging        | 3 4 7 12 13 15 | 15.0
Staves         | 1 6 |  6.1
Charms         | 1 8 9 |  9.0
Air Magic      | 1 8 10 | 10.0
Fire Magic     | 8 14 15 17 | 17.0
Ice Magic      | 2 6 |  6.0
Hexes          | 12 17 20 21 | 21.0
Stealth        | |  2.1

Action                   |  1- 3 |  4- 6 |  7- 9 | 10-12 | 13-15 | 16-18 | 19-21 || total
-------------------------+-------+-------+-------+-------+-------+-------+-------++-------
Melee: Unarmed           |       |     2 |     1 |     1 |       |       |       ||     4
       Staff             |       |       |       |       |     7 |     3 |     4 ||    14
 Cast: Magic Dart        |    54 |    34 |    11 |     5 |     3 |       |       ||   107
       Searing Ray       |     1 |     3 |     2 |    22 |       |       |       ||    28
       Iskenderun's Myst |       |    10 |   118 |   330 |   616 |   556 |   116 ||  1746
       Orb of Destructio |       |       |       |       |    12 |    10 |     7 ||    29
       Deflect Missiles  |       |       |       |       |     1 |       |       ||     1
       Bolt of Fire      |       |       |       |       |    11 |    60 |    63 ||   134
       Icicle Burst      |       |       |       |       |       |    22 |   102 ||   124
       Ignition          |       |       |       |       |       |    11 |    39 ||    50
Evoke: Wand              |       |     1 |     1 |     6 |    13 |    19 |     2 ||    42
       Phantom mirror    |       |       |       |       |       |       |     1 ||     1
  Use: Scroll            |       |     4 |     2 |    11 |     5 |     9 |     1 ||    32
       Potion            |       |       |       |     1 |       |     6 |       ||     7
  Eat: Chunk             |     2 |     7 |    13 |    18 |    35 |    27 |    33 ||   135
       Ration            |       |       |       |     3 |     2 |     2 |     1 ||     8
Armor: Leather armour    |       |    23 |     4 |    27 |    11 |       |     1 ||    66
       Troll leather arm |       |       |       |       |     5 |    25 |     6 ||    36
Dodge: Dodged            |     3 |    26 |    11 |   105 |   190 |   311 |   152 ||   798
       Deflected         |       |       |       |       |     3 |    18 |    35 ||    56
Block: Other             |       |       |     6 |    26 |    21 |    41 |    19 ||   113
       Reflection        |       |       |     3 |     2 |     1 |     4 |    10 ||    20
